 Dungeon Crawl Stone Soup version 0.21.1-1-g345015fe64 (webtiles) character file.

289 buffbean the Shield-Bearer (level 6, -9/47 HPs)
             Began as a Human Fighter on June 13, 2018.
             Was an Initiate of Gozag.
             Blown up by Ijyb (20 damage)
             ... with a wand of disintegration (12)
             ... on level 3 of the Dungeon.
             The game lasted 00:16:15 (3475 turns).

buffbean the Shield-Bearer (Human Fighter)          Turns: 3475, Time: 00:16:15

Health: -9/47      AC:  6    Str: 18    XL:     6   Next: 58%
Magic:  6/6        EV:  7    Int:  8    God:    Gozag
Gold:   156        SH: 11    Dex: 13    Spells: 5/5 levels left

rFire    . . .     SeeInvis .   a - +0 long sword
rCold    . . .     Gourm    .   c - +1 shield
rNeg     . . .     Faith    .   b - +0 scale mail
rPois    .         Spirit   .   (no helmet)
rElec    .         Reflect  .   (no cloak)
rCorr    .         Harm     .   (no gloves)
MR       .....                  (no boots)
Stlth    ..........             (no amulet)
HPRegen  0.15/turn              (no ring)
MPRegen  0.10/turn              (no ring)

@: gold aura
A: no striking features
a: Potion Petition, Call Merchant, Bribe Branch, Renounce Religion


You were on level 3 of the Dungeon.
You worshipped Gozag.
Gozag was aware of your devotion.
You were not hungry.

You visited 1 branch of the dungeon, and saw 3 of its levels.

You collected 187 gold pieces.
You paid 31 gold pieces to Gozag.

Inventory:

Hand Weapons
 a - a +0 long sword (weapon)
 g - a +1 whip of electrocution
 n - a +0 hand crossbow
Missiles
 e - 14 arrows
 p - 24 sling bullets
 s - 20 bolts
 t - 11 poisoned needles
Armour
 b - a +0 scale mail (worn)
 c - a +1 shield (worn)
 o - a +0 helmet
Jewellery
 m - an uncursed amulet of faith {unknown}
Scrolls
 k - a scroll of fear {unknown}
 q - a scroll of fog {unknown}
 r - a scroll of remove curse
Potions
 d - a potion of might
 h - a potion of lignification
 i - a potion of agility
 j - 2 potions of flight {unknown}
 l - a potion of berserk rage {unknown}
 u - a potion of cancellation {unknown}
 v - a potion of brilliance {unknown}
Comestibles
 f - 7 rations


   Skills:
 - Level 3.0 Fighting
 + Level 4.9 Long Blades
 - Level 3.0 Armour
 * Level 5.1 Shields


You had 5 spell levels left.
You didn't know any spells.

Dungeon Overview and Level Annotations

Branches:
Dungeon (3/15)

Altars:
Gozag
Okawaru
Qazlal
Sif Muna
Vehumet
Wu Jian

Annotations:
D:3 Ijyb


Message History

There isn't anything here!
You eat one of the 8 rations.
That ration really hit the spot!
A rat comes into view.
Found a ration.
A rat is nearby!
Ijyb the Twisted Goblin comes into view.
She is wielding a club.
Ijyb shouts!
Ijyb zaps a wand.
You are blasted!
It is a wand of disintegration (14).
The rat barely misses you.
You riposte.
You hit the rat.
You kill the rat!
Ijyb zaps a wand.
You barely resist.
You see here 6 gold pieces.
Ijyb hits you but does no damage.
You closely miss Ijyb.
Ijyb zaps a wand.
You are blasted!
* * * LOW HITPOINT WARNING * * *
You hit Ijyb but do no damage. Ijyb hits you with a club.
* * * LOW HITPOINT WARNING * * *
Your scale mail prevents you from hitting Ijyb.
Ijyb zaps a wand.
You are blasted!
You die...

..........)........,*,...........
.###.#.####..####...#*#######.###
..#..#.# #..# #...# #.# ..#.##.#
#..# #...# #.# ..#.##.#
#..####.#.# #.#
..#.##.####<....#.#.# #.#
.........รท......#.#.# #.#
#............#......#########.#
###.##.###...#..@g............#
#........#####....###########
####......,#....###
#######.#%#### *...* ####*


You could see Ijyb.

Vanquished Creatures
  A centaur (D:2)
  A crimson imp (D:2)
  Jessica (D:2)
  Terence (D:1)
  6 adders
  A worm (D:2)
  A dart slug (D:1)
  3 leopard geckos
  2 orcs (D:3)
  5 bats
  3 giant cockroaches
  6 goblins
  11 hobgoblins
  8 kobolds
  A quokka (D:2)
  5 frilled lizards
  9 rats
65 creatures vanquished.

Notes
Turn   | Place    | Note
-------+----------+-------------------------------------------
     0 | D:1      | buffbean the Human Fighter began the quest for the Orb.
     0 | D:1      | Reached XP level 1. HP: 18/18 MP: 1/1
   148 | D:1      | Reached XP level 2. HP: 22/24 MP: 2/2
   517 | D:1      | Reached XP level 3. HP: 25/29 MP: 3/3
   815 | D:2      | Noticed a centaur
   820 | D:2      | Noticed Terence
   837 | D:1      | Killed Terence
   837 | D:1      | Reached XP level 4. HP: 7/35 MP: 4/4
  1216 | D:2      | Killed a centaur
  1216 | D:2      | Reached skill level 4 in Shields
  1216 | D:2      | Reached XP level 5. HP: 37/41 MP: 5/5
  2265 | D:2      | Reached XP level 6. HP: 47/47 MP: 6/6
  2467 | D:2      | Noticed Jessica
  2474 | D:2      | Killed Jessica
  2706 | D:3      | Found an opulent altar of Gozag.
  2738 | D:3      | Reached skill level 5 in Shields
  2746 | D:3      | Became a worshipper of Gozag Ym Sagoz the Greedy
  3130 | D:3      | Found an iron altar of Okawaru.
  3140 | D:3      | Found a deep blue altar of Sif Muna.
  3140 | D:3      | Found an ornate altar of the Wu Jian Council.
  3142 | D:3      | Found a stormy altar of Qazlal.
  3142 | D:3      | Found a radiant altar of Vehumet.
  3466 | D:3      | Noticed Ijyb
  3475 | D:3      | Blown up by Ijyb

Skill      XL: |  1  2  3  4  5  6 |
---------------+-------------------+-----
Long Blades    | 3 4 |  4.9
Shields        | 4 5 |  5.1
Fighting       | |  3.0
Armour         | |  3.0

Action                   |  1- 3 |  4- 6 || total
-------------------------+-------+-------++-------
Melee: Long sword        |    71 |   181 ||   252
Invok: Potion Petition   |       |     1 ||     1
  Use: Scroll            |       |     6 ||     6
       Potion            |       |     1 ||     1
 Stab: Distracted        |       |     1 ||     1
  Eat: Ration            |       |     2 ||     2
       Chunk             |       |     3 ||     3
Armor: Scale mail        |    20 |    47 ||    67
Dodge: Dodged            |    27 |    39 ||    66
Block: Shield            |    38 |   111 ||   149
       Rpst.: Long sword |     7 |    12 ||    19
